 Dungeon Crawl Stone Soup version 0.21.1-1-g345015fe64 (webtiles) character file.

2513 faram the Quickloader (level 9, -1/74 HPs)
             Began as a Centaur Hunter on Mar 27, 2018.
             Was an Initiate of Okawaru.
             Killed from afar by an oklob plant (15 damage)
             ... with a splash of acid
             ... created by the enmity of Fedhas Madash
             ... on level 8 of the Dungeon on May 9, 2018.
             The game lasted 01:12:47 (7180 turns).

faram the Quickloader (Centaur Hunter)              Turns: 7180, Time: 01:12:48

Health: -1/74      AC:  4    Str: 17    XL:     9   Next: 29%
Magic:  10/10      EV: 10    Int: 10    God:    Okawaru [......]
Gold:   284        SH:  0    Dex: 16    Spells: 8/8 levels left

rFire    + . .     SeeInvis .   D - +0 rapier
rCold    + . .     Gourm    .   (no shield)
rNeg     . . .     Faith    .   i - +1 scale mail
rPois    .         Spirit   .   (no helmet)
rElec    .         Reflect  .   q - scarf {rC+ rF+}
rCorr    .         Harm     .   (no gloves)
MR       .....                  (no barding)
Stlth    ..........             (no amulet)
HPRegen  0.22/turn              u - +5 ring of dexterity
MPRegen  0.12/turn              n - +2 ring of evasion

@: corroded, very quick
A: large, hooves 3, deformed body, speed 2, tough skin 3
a: Renounce Religion


You were on level 8 of the Dungeon.
You worshipped Okawaru.
Okawaru was noncommittal.
You were not hungry.

You visited 1 branch of the dungeon, and saw 9 of its levels.

You collected 284 gold pieces.

Inventory:

Hand Weapons
 a - a +3 hand crossbow
 b - a +0 short sword
 p - the +9 hunting sling of Bedelluo {venom, rF+ Str-3 SInv Stlth+, unknown}
   (You found it on level 6 of the Dungeon)

   It poisons the ammo it fires.
   It affects your strength (-3).
   It protects you from fire.
   It lets you see invisible.
   It makes you more stealthy.
 x - a +0 hunting sling
 B - a -2 spear
 D - a +0 rapier (weapon)
Missiles
 e - 231 stones (quivered)
 r - 104 arrows
 t - 2 bolts
 y - 39 sling bullets
Armour
 c - a +0 leather armour
 i - a +1 scale mail (worn)
 q - a scarf of resistance (worn)
Magical Staves
 w - an uncursed staff of energy
Jewellery
 n - a +2 ring of evasion (right hand)
 s - a +4 ring of intelligence
 u - a +5 ring of dexterity (left hand)
Wands
 E - a wand of digging (18)
Scrolls
 l - 6 scrolls of identify
 o - a scroll of remove curse
 z - 2 scrolls of amnesia
 C - 4 scrolls of magic mapping
Potions
 g - 2 potions of degeneration
 h - a potion of flight
 k - a potion of magic {unknown}
 m - a potion of lignification
Comestibles
 f - 9 rations
 A - 5 chunks of flesh


   Skills:
 + Level 5.2 Fighting
 + Level 1.4 Short Blades
 + Level 1.4 Staves
 + Level 8.7 Crossbows
 + Level 6.3 Throwing
 + Level 3.7 Armour
 + Level 2.5 Dodging
 + Level 1.0 Stealth
 + Level 1.8 Evocations


You had 8 spell levels left.
You didn't know any spells.

Dungeon Overview and Level Annotations

Branches:
Dungeon (9/15)
 Temple: D:4-7         Lair: D:8-11         Orc: D:9-12

Altars:
Fedhas
Gozag
Kikubaaqudgha
Makhleb
Okawaru
Sif Muna
Uskayaw
Xom

Annotations:
D:8 exclusion: 2 oklob plants


Innate Abilities, Weirdness & Mutations

You have hooves in place of feet.
Armour fits poorly on your strangely shaped body.
You cover ground very quickly.
You have extremely tough skin. (AC +3)


Message History

Your Short Blades skill increases to level 1!
As you read the scroll of teleportation, it crumbles to dust.
You feel strangely unstable. The warg bites you.
* * * LOW HITPOINT WARNING * * *
Unknown command.
Your surroundings suddenly seem different.
Found 11 gold pieces.
Okay, then.
Some of the chunks of flesh in your inventory have rotted away.
Plants grow around you in an ominous manner.
Marking area around the oklob plant as unsafe for travelling.
Marking area around the oklob plant as unsafe for travelling. 2 oklob plants come into view.
The oklob plant spits acid at you. The splash of acid hits you!
The acid corrodes you!
You are splashed with acid!
The acid burns!
* * * LOW HITPOINT WARNING * * *
The oklob plant spits acid at you. The splash of acid hits you!
You die...

.....?.. ..
....#..###.##
.......Z....#.
#.>....Z..
##.####.## #.#
# # #.. #. .#
... #.#####.#
.... #..@#...
.... ###.#$#
......
#####...##
#........#
#....f...#
#..P...f.#
#.....P.f#
##########


You could see 2 oklob plants and 3 wandering mushrooms.

Vanquished Creatures
  The ghost of brittlin the Chopper, a novice HOFi of Okawaru (D:5)
  Eustachio (D:5)
  Grum (D:8)
  An ice beast (D:5)
  A black bear (D:6)
  A phantom (D:4)
  A necrophage (D:9)
  An ogre (D:5)
  An orc warrior (D:6)
  A wolf (D:8)
  A centaur (D:6)
  5 bullfrogs
  A scorpion (D:6)
  A water moccasin skeleton (D:4)
  A howler monkey (D:6)
  A crimson imp (D:6)
  4 hounds
  An orc priest (D:6)
  An orc wizard (D:6)
  An iguana (D:5)
  9 worker ants
  2 hound zombies
  A worker ant zombie (D:5)
  A howler monkey skeleton (D:4)
  6 adders
  An ooze (D:5)
  An adder zombie (D:6)
  3 worms
  2 dart slugs
  2 leopard geckos
  8 orcs
  2 ball pythons
  8 bats
  14 giant cockroaches
  7 goblins
  9 hobgoblins
  2 jackals (D:8)
  7 kobolds
  3 quokkas
  7 frilled lizards
  A jackal skeleton (D:5)
  7 rats
  2 ballistomycetes (D:6)
132 creatures vanquished.

Vanquished Creatures (others)
  5 dream sheep (D:6)
  A giant cockroach zombie (D:5)
  A ballistomycete spore (D:6)
  A plant (D:8)
  A toadstool (D:5)
9 creatures vanquished.

Grand Total: 141 creatures vanquished

Notes
Turn   | Place    | Note
-------+----------+-------------------------------------------
     0 | D:1      | faram the Centaur Hunter began the quest for the Orb.
     0 | D:1      | Reached XP level 1. HP: 17/17 MP: 1/1
   224 | D:1      | Reached XP level 2. HP: 22/24 MP: 2/2
   232 | D:1      | Reached skill level 5 in Crossbows
  1046 | D:2      | Reached XP level 3. HP: 29/29 MP: 3/3
  1467 | D:2      | Reached XP level 4. HP: 34/36 MP: 4/4
  1849 | D:3      | Reached skill level 6 in Crossbows
  2021 | D:3      | Found a hide-covered altar of Uskayaw.
  2140 | D:3      | Found a burning altar of Makhleb.
  2456 | D:3      | Found an ancient bone altar of Kikubaaqudgha.
  2458 | D:3      | Found a blossoming altar of Fedhas.
  2539 | D:4      | Reached XP level 5. HP: 27/42 MP: 5/5
  2794 | D:4      | Noticed a phantom
  2834 | D:4      | Killed a phantom
  2834 | D:4      | Reached skill level 7 in Crossbows
  2960 | D:4      | Reached skill level 1 in Armour
  2960 | D:4      | Reached XP level 6. HP: 49/51 MP: 6/6
  2998 | D:4      | Found an opulent altar of Gozag.
  3114 | D:3      | Became a worshipper of Fedhas Madash
  3437 | D:5      | Entered Level 5 of the Dungeon
  3439 | D:5      | Noticed Eustachio
  3441 | D:5      | Noticed brittlin's ghost (novice HOFi)
  3445 | D:5      | Killed Eustachio
  4109 | D:5      | Reached skill level 1 in Throwing
  4109 | D:5      | Reached XP level 7. HP: 50/58 MP: 7/7
  4197 | D:5      | Reached skill level 8 in Crossbows
  5241 | D:5      | Killed brittlin's ghost
  5241 | D:5      | Reached XP level 8. HP: 66/66 MP: 8/8
  5481 | D:5      | Found a deep blue altar of Sif Muna.
  5538 | D:6      | Got a polished hunting sling
  5622 | D:6      | Reached skill level 5 in Throwing
  5667 | D:6      | Reached skill level 1 in Evocations
  5767 | D:6      | HP: 2/67 [orc warrior/flail (17)]
  5901 | D:6      | Noticed a dream sheep
  5901 | D:6      | Noticed a dream sheep
  5901 | D:6      | Noticed a dream sheep
  5901 | D:6      | Noticed a dream sheep
  5901 | D:6      | Noticed a dream sheep
  5901 | D:6      | Found a shimmering altar of Xom.
  5907 | D:6      | Killed a dream sheep
  5907 | D:6      | Killed a dream sheep
  5907 | D:6      | Killed a dream sheep
  5907 | D:6      | Killed a dream sheep
  5910 | D:6      | Killed a dream sheep
  6230 | D:6      | Reached skill level 1 in Stealth
  6274 | D:6      | Found an iron altar of Okawaru.
  6281 | D:6      | Fell from the grace of Fedhas
  6281 | D:6      | Became a worshipper of Warmaster Okawaru
  6356 | D:6      | Reached skill level 5 in Fighting
  6502 | D:6      | Reached XP level 9. HP: 60/74 MP: 10/10
  6794 | D:7      | Noticed a gargoyle
  6820 | D:7      | You fall through a shaft for 2 floors!
  6993 | D:8      | Noticed Grum
  7013 | D:8      | Killed Grum
  7064 | D:8      | Reached skill level 1 in Staves
  7084 | D:8      | Reached skill level 1 in Short Blades
  7175 | D:8      | Noticed a wandering mushroom
  7175 | D:8      | Noticed a wandering mushroom
  7175 | D:8      | Noticed an oklob plant
  7175 | D:8      | Noticed a wandering mushroom
  7175 | D:8      | Noticed an oklob plant
  7180 | D:8      | Killed from afar by an oklob plant

Skill      XL: |  1  2  3  4  5  6  7  8  9 |
---------------+----------------------------+-----
Crossbows      | 5 6 7 8 |  8.7
Fighting       | 3 4 5 |  5.2
Armour         | 1 2 3 |  3.7
Throwing       | 1 4 6 |  6.3
Dodging        | 2 |  2.5
Evocations     | 1 |  1.8
Stealth        | 1 |  1.0
Staves         | 1 |  1.4
Short Blades   | 1 |  1.4

Action                   |  1- 3 |  4- 6 |  7- 9 || total
-------------------------+-------+-------+-------++-------
Melee: Rapier            |       |       |    71 ||    71
       Kick              |       |       |    27 ||    27
       Staff             |       |       |     8 ||     8
       Hand crossbow     |       |       |     1 ||     1
 Fire: Hand crossbow     |   102 |   142 |    90 ||   334
       Shortbow          |       |       |     6 ||     6
Throw: Stone             |       |     9 |   139 ||   148
Invok: Fungal Bloom      |       |     3 |     2 ||     5
Evoke: Wand              |       |    11 |    14 ||    25
  Use: Scroll            |       |     6 |     9 ||    15
       Potion            |       |       |    10 ||    10
  Eat: Chunk             |       |     3 |     2 ||     5
       Ration            |       |     1 |     2 ||     3
Armor: Scale mail        |    24 |    26 |    81 ||   131
       Leather armour    |     3 |       |       ||     3
Dodge: Dodged            |    16 |    30 |   126 ||   172
